 Dungeon Crawl Stone Soup version 0.32-a0-20-ge526923d97 (webtiles) character file.

Game seed: 6916865122863852891

149 jasper the Covered (level 4, -3/38 HPs)
             Began as a Demigod Fighter on Jan 17, 2024.
             Slain by a sleepcap (5 damage)
             ... on level 4 of the Dungeon.
             The game lasted 00:03:43 (2600 turns).

jasper the Covered (Demigod Fighter)                Turns: 2600, Time: 00:03:44

Health: -3/38      AC:  6    Str: 17    XL:     4   Next: 82%
Magic:  6/6        EV:  9    Int: 10    God:
Gold:   106        SH:  5    Dex: 17    Spells: 3/3 levels left

rFire   . . .        a - +0 long sword
rCold   . . .        c - +0 buckler
rNeg    . . .        b - +0 scale mail
rPois   .            (no helmet)
rElec   .            (no cloak)
rCorr   .            (no gloves)
SInv    .            (no boots)
Will    .....        (no amulet) Stlth
                     (no ring)
HPRegen 0.26/turn    (no ring)
MPRegen 0.10/turn

%: no passive effects
@: no status effects
A: high MP 1, forlorn, divine attributes
a: no special abilities


You were on level 4 of the Dungeon.
You visited 1 branch of the dungeon, and saw 4 of its levels.

You collected 106 gold pieces.

Inventory:

Hand Weapons
 a - a +0 long sword (weapon)
 h - a +2 short sword of speed
 r - a +1 antimagic short sword
 t - a +0 rapier
Missiles
 e - 36 stones (quivered)
 j - 12 poisoned darts
Armour
 b - a +0 scale mail (worn)
 c - a +0 buckler (worn)
 u - a +0 plate armour
Scrolls
 i - 2 scrolls of silence {unknown}
 l - 3 scrolls of enchant armour {unknown}
 m - a scroll of poison {unknown}
 n - 2 scrolls of noise {unknown}
 o - a scroll of brand weapon {unknown}
 q - 4 scrolls of identify {unknown}
Potions
 d - 2 potions of might
 f - a potion of brilliance {unknown}
 g - a potion of berserk rage {unknown}
 k - 3 potions of degeneration {unknown}
 p - a potion of ambrosia {unknown}
 s - a potion of curing {unknown}
 v - a potion of lignification {unknown}


   Skills:
 + Level 3.2 Fighting
 * Level 3.1 Long Blades
 + Level 3.3 Armour
 + Level 1.4 Dodging
 + Level 3.2 Shields


You had 3 spell levels left.
You didn't know any spells.
Your spell library contained the following spells:

 Spells                   Type           Power      Damage    Failure   Level
 Apportation              Tloc           0%         N/A       85%         1
 Necrotise                Necr           0%         1d4       85%         1
 Sting                    Conj/Alch      0%         1d3       85%         1
 Summon Small Mammal      Summ           0%         N/A       85%         1
 Call Imp                 Summ           0%         N/A       94%         2
 Sublimation of Blood     Necr           0%         N/A       94%         2
 Summon Hydra             Summ           0%         N/A       100%        7


Dungeon Overview and Level Annotations

Branches:
Dungeon (4/15)
 Temple: D:4-7

Annotations:
D:3 3 runed translucent doors, DaftaChap's ghost, amateur DgGl


Innate Abilities, Weirdness & Mutations

You have an increased reservoir of magic. (+10% MP)
You shall have no god before yourself.
Your divine heritage dramatically boosts your attributes as you level up.


Message History

There is a stone staircase leading down here.
You climb downwards.
Found 12 gold pieces.
There is a stone staircase leading up here.
You hit the sleepcap.
The sleepcap is lightly damaged.
You block the sleepcap's attack.
You hit the sleepcap but do no damage.
The sleepcap is lightly damaged.
The sleepcap releases spores at you.
You take 3 damage, and have 35/38 hp.
You hit the sleepcap but do no damage.
The sleepcap is lightly damaged.
The sleepcap releases spores at you.
You are engulfed in a cloud of soporific spores!
You fall asleep.
The sleepcap releases spores at you but does no damage.
The sleepcap releases spores at you!!
You wake up.
You take 20 damage, and have 15/38 hp.
MASSIVE DAMAGE!!
You hit the sleepcap.
The sleepcap is lightly damaged.
The sleepcap completely misses you. You block the sleepcap's attack.
You hit the sleepcap.
The sleepcap is moderately damaged.
The sleepcap barely misses you.
You hit the sleepcap.
The sleepcap is heavily damaged.
The sleepcap barely misses you.
You hit the sleepcap.
The sleepcap is severely damaged.
The sleepcap barely misses you. The sleepcap releases spores at you.
You are engulfed in a cloud of soporific spores!
You fall asleep.
The sleepcap releases spores at you!
You wake up.
* * * LOW HITPOINT WARNING * * *
You take 14 damage, and have 2/38 hp.
MASSIVE DAMAGE!!
You hit the sleepcap but do no damage.
The sleepcap is severely damaged.
The sleepcap releases spores at you.
You die...

.# .# .#
######.# #
......# .#
#$... ..#
#...#..##.#
#.f@......#
#.#....####
# #........
##.#.####
.#.# .. #
##


You could see a sleepcap.

Vanquished Creatures
  An orc priest (D:2)
  4 adders
  2 dart slugs (D:2)
  2 ribbon worms
  4 orcs (D:2)
  3 endoplasms
  A giant cockroach (D:2)
  7 goblins
  6 hobgoblins
  8 jackals
  A quokka (D:3)
  4 ball pythons
  4 bats
  6 frilled lizards
  10 kobolds
  9 rats
72 creatures vanquished.

Notes
Turn   | Place    | Note
-------+----------+-------------------------------------------
     0 | D:1      | jasper the Demigod Fighter began the quest for the Orb.
     0 | D:1      | Reached XP level 1. HP: 18/18 MP: 3/3
   157 | D:1      | Reached XP level 2. HP: 20/25 MP: 4/4
   948 | D:2      | Reached XP level 3. HP: 30/30 MP: 5/5
  1100 | D:2      | Reached skill level 1 in Dodging
  1257 | D:2      | Reached XP level 4. HP: 16/38 MP: 6/6
  2018 | D:3      | Found a runed translucent gate.
  2024 | D:3      | Noticed DaftaChap's ghost (amateur DgGl)
  2028 | D:3      | Found a runed translucent gate.
  2029 | D:3      | Found a runed translucent gate.
  2600 | D:4      | Slain by a sleepcap

Illustrated notes

Levels and vault maps discovered:
D:1:      minmay_arrival_jagged, layout_loops_ring,
          dreamdust_ecumenical_altar_angels_and_demons, nicolae_hexahallways
D:2:      minmay_door_path, layout_basic
D:3:      layout_rooms, gammafunk_ghost_split, grunt_ministairs_8
D:4:      layout_basic, good_gods_mini_temple, guppyfry_shop_venom, uniq_natasha

Skill      XL: |  1  2  3  4 |
---------------+-------------+-----
Long Blades    | 2 3 |  3.1
Armour         | 3 |  3.3
Fighting       | 3 |  3.2
Shields        | 3 |  3.2
Dodging        | 1 |  1.4

Action                     |  1- 3 |  4- 6 || total
---------------------------+-------+-------++-------
  Melee: Long sword        |   164 |   110 ||   274
 Armour: Scale mail        |    87 |    69 ||   156
  Dodge: Dodged            |    63 |    51 ||   114
  Block: Buckler           |    41 |    18 ||    59

Table legend: (Time is in decaauts)
 A = Elapsed time spent in this place.
 B = Non-inter-level travel time spent in this place.
 C = Inter-level travel time spent in this place.
 D = Time resting spent in this place.
 E = Time spent auto-exploring this place.
 F = Levels seen in this place.
 G = Mean time per level.
                   A        B        C        D        E       F      G
               +--------+--------+--------+--------+--------+-----+--------+
         Total |   2686 |   2595 |     91 |      0 |   1927 |   4 |  671.5 |
       Dungeon |   2686 |   2595 |     91 |      0 |   1927 |   4 |  671.5 |
               +--------+--------+--------+--------+--------+-----+--------+

Top non-repeatable levels by time:
     D:2: 1004 daAuts
     D:1: 955 daAuts
     D:3: 713 daAuts
     D:4: 13 daAuts
